 Dungeon Crawl Stone Soup version 0.28.0-53-g5a82cb258f (webtiles) character file.

Game seed: 7751805594188044082

25381 ILmort the Severer (level 13, -13/186 HPs)
             Began as a Hill Orc Monk on Aug 20, 2022.
             Was a Priest of Beogh.
             Mangled by a death yak (15 damage)
             ... on level 2 of the Lair of Beasts.
             The game lasted 01:00:04 (18336 turns).

ILmort the Severer (Hill Orc Monk)                 Turns: 18336, Time: 01:00:05

Health: -13/186    AC: 26    Str: 25    XL:     13   Next: 19%
Magic:  20/20      EV:  2    Int: 10    God:    Beogh [***...]
Gold:   745        SH:  5    Dex:  9    Spells: 12/12 levels left

rFire   . . .      SeeInvis +   W - +10 battleaxe of Rijy {flame, SInv Stlth+}
rCold   + . .      Faith    .   (shield currently unavailable)
rNeg    + + .      Spirit   .   (armour currently unavailable)
rPois   +          Reflect  +   (helmet currently unavailable)
rElec   .          Harm     .   (cloak currently unavailable)
rCorr   .          Rampage  .   (gloves currently unavailable)
Will    .....      NoTele   +   (boots currently unavailable)
Stlth   ++........              d - amulet of reflection
HPRegen 0.41/turn               a - +6 ring of strength
MPRegen 0.17/turn               i - ring "Joschuen" {rPois rC+ rN++ Dex-4 SInv}

@: tree-form
A: stationary, stasis, torment immunity, boosted hp
a: Renounce Religion, Smiting


You were on level 2 of the Lair of Beasts.
You worshipped Beogh.
Beogh was most pleased with you.
You were a tree.
You visited 2 branches of the dungeon, and saw 13 of its levels.
You also visited: Gauntlet.

You collected 745 gold pieces.

Inventory:

Hand Weapons
 b - the +5 spear of Disarray {vorpal, *Slow +Blink rF+ Str+4}
   (You found it on level 4 of the Dungeon)

   It inflicts extra damage upon your enemies.
   Str:       It affects your strength (+4).
   rF:        It protects you from fire.
   +Blink:    It lets you blink.
   *Slow:     It may slow you when you take damage.
 c - a +3 battleaxe
 o - a +2 mace of protection
 s - a +0 morningstar of flaming
 v - a +2 flail of protection
 W - the +10 battleaxe of Rijy (weapon) {flame, SInv Stlth+}
   (You took it off a minotaur in a Gauntlet)

   It burns those it strikes, dealing additional fire damage.
   Big, fiery blades are also staple armaments of hydra-hunters.
   SInv:      It lets you see invisible.
   Stlth:     It makes you more stealthy.
Missiles
 G - 7 throwing nets (quivered)
Armour
 j - a +3 plate armour of positive energy (melded)
 m - a +0 cloak (melded)
 t - +0 acid dragon scales
 w - a +0 hat of see invisible (melded)
 y - a +2 kite shield of reflection
 E - a +1 plate armour
 F - a +0 plate armour
 I - a +0 troll leather armour
 S - a +2 pair of gloves (melded)
 U - the +6 chain mail of Heuxum {Rampage MP+9 Str-3}
   (You took it off a minotaur in a Gauntlet)

   Str:       It affects your strength (-3).
   MP:        It affects your magic capacity (+9).
   Rampage:   It bestows one free step when moving towards enemies.
Jewellery
 a - a +6 ring of strength (left branch)
 d - an amulet of reflection (around neck)
 e - a ring of protection from cold
 i - the ring "Joschuen" (right branch) {rPois rC+ rN++ Dex-4 SInv}
   (You took it off a tengu warrior on level 11 of the Dungeon)

   [ring of poison resistance]

   Dex:       It affects your dexterity (-4).
   rC:        It protects you from cold.
   rPois:     It protects you from poison.
   rN:        It greatly protects you from negative energy.
   SInv:      It lets you see invisible.
 k - the ring of the Illusory Mystics {Fire Fly Int+2}
   (You found it on level 11 of the Dungeon)

   [ring of fire]

   It enhances your fire magic.
   Int:       It affects your intelligence (+2).
   rF:        It protects you from fire.
   rC:        It makes you vulnerable to cold.
   Fly:       It grants you flight.
 l - a ring of poison resistance
 N - a ring of flight
 Q - a ring of protection from cold
Wands
 g - a wand of mindburst (17)
 p - a wand of digging (5)
 u - a wand of flame (47)
 C - a wand of polymorph (6)
 J - a wand of iceblast (6)
Scrolls
 f - 5 scrolls of enchant weapon
 h - 9 scrolls of teleportation
 n - 2 scrolls of summoning
 z - a scroll of holy word
 B - a scroll of torment
 M - 3 scrolls of fear
 O - a scroll of amnesia {unknown}
 R - 3 scrolls of fog
 Y - 2 scrolls of blinking {unknown}
 Z - a scroll of silence {unknown}
Potions
 r - 2 potions of ambrosia
 A - 2 potions of flight
 H - a potion of invisibility
 K - a potion of curing
 L - 2 potions of lignification
Miscellaneous
 q - a phantom mirror
 x - a lightning rod (4/4)
 D - a condenser vane


   Skills:
 * Level 14.1 Fighting
 + Level 17.9 Axes
 + Level 10.9 Armour
 - Level 2.4 Dodging
 - Level 1.5 Stealth
 + Level 10.4 Invocations


You had 12 spell levels left.
You didn't know any spells.
Your spell library contained the following spells:

 Spells                   Type           Power      Damage    Failure   Level
 Animate Skeleton         Necr           0%         N/A       36%         1
 Pain                     Necr           0%         1d4       36%         1
 Portal Projectile        Hex/Tloc       0%         N/A       75%         3
 Stone Arrow              Conj/Erth      0%         3d7       75%         3
 Vampiric Draining        Necr           0%         2d6       75%         3
 Animate Armour           Summ/Erth      0%         N/A       98%         4
 Alistair's Intoxication  Tmut/Pois      0%         N/A       100%        5
 Blade Hands              Tmut           0%         N/A       100%        5
 Borgnjor's Vile Clutch   Necr/Erth      0%         N/A       100%        5
 Excruciating Wounds      Necr           0%         N/A       100%        5
 Eringya's Noxious Bog    Tmut/Pois      0%         N/A       100%        6
 Lehudib's Crystal Spear  Conj/Erth      0%         10d2      100%        8


Dungeon Overview and Level Annotations

Branches:
Dungeon (11/15)            Temple (0/1) D:6            Lair (2/6) D:9
    Orc (0/2) D:11        Gauntlet (visited)
  Swamp: Lair:2-4    Shoals: Lair:2-4     Snake: Lair:2-4    Spider: Lair:2-4

Altars:
Ashenzari
Dithmenos
Gozag
Okawaru
Qazlal
Ru
Trog
Uskayaw
The Shining One

Shops:
D:6 (


Message History

You slash the death yak! You burn the death yak.
You hit the death yak but do no damage. You barely miss the death yak.
The death yak gores you.
The death yak gores you but does no damage.
You cut the death yak into ribbons!!! You burn the death yak!
You slash the death yak! You burn the death yak. You hit the death yak.
You burn the death yak. The death yak gores you!!
You slash the death yak! You burn the death yak. You barely miss the death yak.
You hit the death yak. You burn the death yak.
The death yak gores you but does no damage.
You hit the death yak but do no damage. You slash the death yak!
You burn the death yak. You slash the death yak! You burn the death yak.
You hit the death yak but do no damage. The death yak gores you.
The death yak closely misses you.
The death yak gores you but does no damage.
The death yak gores you.
You hit the death yak but do no damage. x2; You barely miss the death yak.
You hit the death yak. You burn the death yak. The death yak gores you.
The death yak barely misses you. The death yak gores you!!
* * * LOW HITPOINT WARNING * * *
The death yak gores you.
* * * LOW HITPOINT WARNING * * *
Really quaff the potion of lignification?
You turn into a tree.
Your +0 cloak melds into your body.
Your +0 hat of see invisible melds into your body.
Your +2 pair of gloves melds into your body.
Your +3 plate armour of positive energy melds into your body.
You feel less protected from negative energy.
Your roots penetrate the ground.
The death yak gores you!!
* * * LOW HITPOINT WARNING * * *
The death yak gores you!
* * * LOW HITPOINT WARNING * * *
You block the death yak's attack.
The death yak gores you but does no damage.
You feel better. The death yak gores you.
* * * LOW HITPOINT WARNING * * *
The death yak gores you!
* * * LOW HITPOINT WARNING * * *
The death yak gores you!
You die...

#....##....!
#...(.......
#P...#..#...
##..........
#...........
#..........
#............
##.YY..........
#...♣Y.........
##...Y..........
#................
#.................
##..................
#.........#.#.......
##..................
#..........P.P.....
#..................


You could see 4 death yaks.

Vanquished Creatures
  A minotaur (Gauntlet)
  Josephine (D:10)
  Harold (D:10)
  4 hydras
  A boulder beetle (D:11)
  2 two-headed ogres (D:9)
  A centaur warrior (D:11)
  2 tengu warriors (D:11)
  2 death yaks (Lair:2)
  A manticore (D:11)
  3 ugly things
  An elephant (Gauntlet)
  3 black mambas (Lair:1)
  Maggie (D:6)
  A torpor snail (Gauntlet)
  2 unseen horrors
  3 cane toads
  A rime drake (shapeshifter) (D:11)
  A komodo dragon (Lair:2)
  3 kobold demonologists
  2 trolls
  A polar bear (Lair:1)
  Sigmund (D:5)
  2 centaur simulacra (Gauntlet)
  13 yaks
  A wyvern (Lair:1)
  3 wraiths
  Eustachio (D:6)
  5 basilisks
  A steam dragon (D:7)
  5 vampire mosquitoes
  Menkaure (D:7)
  Edmund (D:6)
  5 water moccasins
  An acid dragon (D:10)
  Duvessa (D:4)
  A meliai simulacrum (Gauntlet)
  An ice beast (D:6)
  A black bear (Lair:2)
  3 orc warriors
  A sky beast (D:7)
  6 centaurs
  6 bullfrogs
  3 kobold brigands
  A wyvern zombie (D:7)
  4 scorpions
  2 water moccasin zombies (D:5)
  Dowan (D:4)
  5 wights
  3 howler monkeys (D:9)
  6 centaur zombies
  A wyvern simulacrum (Gauntlet)
  3 hounds
  2 jellies
  A gnoll shaman (D:8)
  3 orc priests
  2 iguanas
  2 orc wizards
  3 howler monkey zombies
  10 adders
  9 gnolls
  2 shadow imps
  2 worms
  3 dart slugs (D:2)
  20 orcs
  6 ball pythons
  11 endoplasms
  3 giant cockroaches
  6 hobgoblins
  6 jackals
  6 quokkas
  9 bats
  6 goblins
  24 kobolds
  9 rats
272 creatures vanquished.

Vanquished Creatures (others)
  2 orcs (D:7)
  18 fungi
  18 plants
38 creatures vanquished.

Grand Total: 310 creatures vanquished

Notes
Turn   | Place    | Note
-------+----------+-------------------------------------------
     0 | D:1      | ILmort the Hill Orc Monk began the quest for the Orb.
     0 | D:1      | Reached XP level 1. HP: 19/19 MP: 1/1
   159 | D:1      | Reached XP level 2. HP: 19/27 MP: 2/2
   603 | D:1      | Reached skill level 5 in Axes
   697 | D:1      | Reached XP level 3. HP: 33/33 MP: 3/3
  1574 | D:2      | Reached XP level 4. HP: 41/41 MP: 4/4
  1642 | D:2      | Reached skill level 6 in Axes
  2206 | D:2      | You fall into a shaft and drop 1 floor!
  2254 | D:3      | Found a stormy altar of Qazlal.
  2274 | D:3      | Reached XP level 5. HP: 43/47 MP: 5/5
  2696 | D:3      | Found a broken altar of Ashenzari.
  2994 | D:3      | Reached skill level 5 in Fighting
  3026 | D:3      | Identified the +1 robe "Tacuiz" {rN+ Will+}
  3275 | D:3      | Found a glowing golden altar of the Shining One.
  3557 | D:4      | Identified the +5 spear of Disarray {vorpal, *Slow +Blink
                  | rF+ Str+4}
  3896 | D:5      | Entered Level 5 of the Dungeon
  3902 | D:5      | Noticed Dowan
  3902 | D:5      | Noticed Duvessa
  3977 | D:4      | Killed Dowan
  3978 | D:4      | Reached skill level 7 in Axes
  3978 | D:4      | Reached skill level 1 in Armour
  3980 | D:4      | Killed Duvessa
  3981 | D:4      | Reached XP level 6. HP: 37/56 MP: 6/6
  4377 | D:5      | Reached skill level 8 in Axes
  4418 | D:5      | Reached XP level 7. HP: 59/62 MP: 7/7
  5261 | D:5      | Reached skill level 9 in Axes
  5420 | D:5      | Noticed Sigmund
  5434 | D:5      | Killed Sigmund
  5435 | D:5      | Reached XP level 8. HP: 47/71 MP: 8/8
  5989 | D:6      | Reached skill level 10 in Axes
  6920 | D:6      | Noticed Maggie
  6935 | D:6      | Killed Maggie
  6936 | D:6      | Reached skill level 11 in Axes
  6936 | D:6      | Reached skill level 5 in Armour
  7164 | D:6      | Reached XP level 9. HP: 73/80 MP: 9/9
  7210 | D:6      | Noticed Eustachio
  7376 | D:6      | Killed Eustachio
  7486 | D:6      | Reached skill level 12 in Axes
  7603 | D:6      | Noticed Edmund
  7628 | D:6      | Killed Edmund
  7765 | D:6      | Found Kutezuli's Weapon Shoppe.
  7919 | D:6      | Found a staircase to the Ecumenical Temple.
  8033 | D:7      | Found a bloodstained altar of Trog.
  8041 | D:7      | Became a worshipper of Beogh the Brigand
  8041 | D:7      | Reached * piety under Beogh
  8041 | D:7      | Reached ** piety under Beogh
  8104 | D:7      | Found an iron altar of Okawaru.
  8306 | D:7      | Noticed Menkaure
  8318 | D:7      | Killed Menkaure
  8876 | D:7      | Reached skill level 13 in Axes
  8917 | D:7      | Reached skill level 1 in Invocations
  9060 | D:7      | Found a shadowy altar of Dithmenos.
  9060 | D:7      | Found an opulent altar of Gozag.
  9566 | D:8      | Reached XP level 10. HP: 91/91 MP: 11/11
 10328 | D:9      | Found the +4 robe of Augmentation {Str+4 Int+4 Dex+4}
 10477 | D:9      | Reached skill level 14 in Axes
 10537 | D:9      | Found a sacrificial altar of Ru.
 10812 | D:9      | Found a staircase to the Lair.
 10992 | D:9      | Noticed a two-headed ogre
 11005 | D:9      | Killed a two-headed ogre
 11323 | D:9      | Noticed a two-headed ogre
 11329 | D:9      | Killed a two-headed ogre
 11330 | D:9      | Reached skill level 10 in Fighting
 11756 | D:10     | Entered Level 10 of the Dungeon
 11785 | D:9      | Reached skill level 5 in Invocations
 12495 | D:10     | Noticed a +0 short sword
 12495 | D:10     | Noticed a +0 spear
 12496 | D:10     | Noticed a +0 short sword
 12498 | D:10     | Reached skill level 15 in Axes
 12499 | D:10     | Noticed a +0 falchion
 12500 | D:10     | Noticed a +0 dagger
 12512 | D:10     | Noticed a +0 dagger
 12516 | D:10     | Noticed a +0 falchion
 12516 | D:10     | Noticed a +0 spear
 12518 | D:10     | Found a hide-covered altar of Uskayaw.
 12541 | D:10     | Noticed a kobold demonologist
 12545 | D:10     | Noticed an orange demon
 12548 | D:10     | Killed a kobold demonologist
 12549 | D:10     | Reached XP level 11. HP: 96/100 MP: 15/15
 12571 | D:10     | Noticed Harold
 12591 | D:10     | Killed Harold
 12846 | D:10     | Noticed Josephine
 12858 | D:10     | Killed Josephine
 13740 | D:11     | Reached *** piety under Beogh
 13855 | D:11     | Found a gate leading to a gauntlet.
 13865 | Gauntlet | Entered a Gauntlet
 13865 | Gauntlet | Found a transporter.
 13865 | Gauntlet | Found a runed translucent door.
 13865 | Gauntlet | Found a runed translucent door.
 13920 | Gauntlet | Found a transporter.
 13928 | Gauntlet | Reached skill level 16 in Axes
 13941 | Gauntlet | Noticed a fire crab
 14057 | Gauntlet | Found a transporter.
 14065 | Gauntlet | Found a transporter.
 14065 | Gauntlet | Found a transporter.
 14070 | Gauntlet | Found a transporter.
 14080 | Gauntlet | Noticed a glowing orange brain
 14086 | Gauntlet | Noticed a purple ugly thing
 14087 | Gauntlet | Noticed a great orb of eyes
 14091 | Gauntlet | Noticed a green ugly thing
 14092 | Gauntlet | Noticed a purple ugly thing
 14435 | Gauntlet | Found a transporter.
 14447 | Gauntlet | Killed a purple ugly thing
 14657 | Gauntlet | Identified the +10 battleaxe of Rijy {flame, SInv Stlth+}
 14657 | Gauntlet | Identified the +6 chain mail of Heuxum {Rampage MP+9 Str-3}
 14657 | Gauntlet | Noticed a minotaur
 14664 | Gauntlet | Killed a minotaur
 14992 | Gauntlet | Identified the +1 leather armour of Uskayaw {Harm rPois
                  | rF++ Int-5}
 15133 | D:11     | Noticed a four-headed hydra
 15141 | D:11     | Killed a one-headed hydra
 15239 | D:11     | Noticed a brown ugly thing
 15246 | D:11     | Killed a brown ugly thing
 15247 | D:11     | Reached XP level 12. HP: 99/110 MP: 16/18
 15593 | D:11     | Reached skill level 17 in Axes
 15634 | D:11     | Noticed a six-headed hydra
 15634 | D:11     | Noticed a centaur warrior
 15649 | D:11     | Killed a two-headed hydra
 15652 | D:11     | Killed a centaur warrior
 15677 | D:11     | Noticed a four-headed hydra
 15682 | D:11     | Killed a one-headed hydra
 15692 | D:11     | Identified the ring "Joschuen" {rPois rC+ rN++ Dex-4 SInv}
 15692 | D:11     | Noticed a tengu warrior
 15703 | D:11     | Killed a tengu warrior
 15704 | D:11     | Reached skill level 10 in Armour
 15726 | D:11     | Noticed a tengu warrior
 15730 | D:11     | Killed a tengu warrior
 16186 | D:11     | Identified the ring of the Illusory Mystics {Fire Fly
                  | Int+2}
 16324 | D:11     | Found a staircase to the Orcish Mines.
 16401 | D:11     | Noticed a boulder beetle
 16413 | D:11     | Killed a boulder beetle
 17000 | Lair:1   | Entered Level 1 of the Lair of Beasts
 18084 | Lair:2   | Reached skill level 10 in Invocations
 18084 | Lair:2   | Reached XP level 13. HP: 116/122 MP: 20/20
 18336 | Lair:2   | HP: 2/186 [death yak (9)]
 18336 | Lair:2   | Mangled by a death yak

Illustrated notes

Levels and vault maps discovered:
D:1:      scummos_arrival_checkerplants, layout_basic, minmay_misc_feat_rugged,
          minmay_split_cup_large
D:2:      layout_rooms, grunt_ministairs_3, lemuel_flame_loot_1
D:3:      layout_loops_ring, lemuel_doored_altar, nicolae_overflow_squiral
D:4:      layout_rooms, corexii_corridor_pit, minmay_splitting_lines
D:5:      layout_loops_cross, uniq_duvessa, uniq_sigmund
D:6:      layout_rooms, minmay_temple_entry_enclosed_plants, serial_shops,
          nicolae_diamond_shop, uniq_maggie, uniq_eustachio, uniq_edmund
D:7:      layout_basic, mainiacjoe_overflow_alcove_3, uniq_menkaure
D:8:      layout_loops_ring
D:9:      layout_stronghold, nicolae_overflow_crystal_walls, lair_entry_dummy,
          chequers_jeans, lemuel_flamethrower_1
D:10:     layout_irregular_city, nicolae_uskayaw_en_pointe, uniq_harold,
          uniq_josephine
D:11:     minmay_the_grid_triangle_9x9_rhombus_thin
          [minmay_the_grid_triangle_9x9_wacky_v,
          minmay_the_grid_triangle_9x9_prize_center,
          minmay_the_grid_triangle_9x9_longest,
          minmay_the_grid_triangle_9x9_from_above], layout_grid_maze,
          orc_0_dummy, gauntlet_entry_generic, grunt_ministairs_13
Lair:1:   layout_cellular_growth, grunt_megastairs_2, lemuel_fruit_tree
Lair:2:   layout_long_grid, minmay_snake_entry_guardpost_large,
          infiniplex_staircase_pool_2

Skill      XL: |  1  2  3  4  5  6  7  8  9 10 11 12 13 |
---------------+----------------------------------------+-----
Fighting       | 4 5 6 7 9 10 11 13 14 | 14.1
Axes           | 5 6 7 8 9 11 13 15 16 17 | 17.9
Armour         | 1 2 3 5 6 8 9 10 | 10.9
Invocations    | 2 5 8 10 | 10.4
Dodging        | |  2.4
Stealth        | |  1.5

Action                   |  1- 3 |  4- 6 |  7- 9 | 10-12 | 13-15 || total
-------------------------+-------+-------+-------+-------+-------++-------
Melee: Hand axe          |   118 |   240 |   175 |       |       ||   533
       Punch             |     1 |     7 |     3 |       |       ||    11
       Unarmed           |       |    31 |       |       |       ||    31
       Battleaxe         |       |       |   182 |   358 |    30 ||   570
Throw: Throwing net      |       |       |       |     1 |       ||     1
Invok: Convert to Beogh  |       |       |     1 |       |       ||     1
       Smiting           |       |       |       |     8 |       ||     8
  Use: Scroll            |       |     9 |     6 |     6 |     1 ||    22
       Potion            |       |     5 |     3 |     8 |     2 ||    18
 Stab: Sleeping          |     3 |       |       |       |       ||     3
       Distracted        |       |     1 |       |     2 |       ||     3
       Invisible         |       |       |     1 |       |       ||     1
Armor: Robe              |    28 |     3 |       |       |       ||    31
       Ring mail         |       |    40 |       |       |       ||    40
       Chain mail        |       |    48 |   164 |   111 |       ||   323
       Skin              |       |     3 |       |       |     1 ||     4
       Plate armour      |       |       |       |   130 |    23 ||   153
Dodge: Dodged            |    79 |   144 |    93 |   144 |     5 ||   465
Block: Other             |    22 |    66 |    66 |    77 |     7 ||   238
       Reflection        |     1 |     1 |     4 |     5 |       ||    11
